AoeStats
← LM | TornardoBriese

Arabia

507583069Analyzed
1v1 RM · 14d ago on Sep 18, 2026· 49m 40s· 2 players
Game mode
Random Map
Map size
Tiny (2 player)
Population
200
Speed
Normal
Resources
Standard
Victory
Conquest
Starting age
Dark Age
Ending age
Imperial Age
RankedLock teamsTeams togetherTeam positionsShared explorationLock speedFull tech treeHidden civsTurbo modeCheats
Victory
Defeat
🇮🇹 Franks · Italy
1156
+14
🇨🇭 Burmese · Switzerland
1121
-14
LM | TornardoBriese
6:11 Loom
9:13 Feudal Age
10:25 Man-at-Arms
16:23 Town Watch
18:54 Wheelbarrow
20:06 Horse Collar
20:21 Gold Mining
22:45 Castle Age
23:02 Scale Mail Armor
23:14 Forging
23:02 Pikeman
25:20 Fletching
30:14 Squires
31:53 Heavy Plow
50:14 Imperial Age
Rothrak
3:56 Loom
6:01 Loom
9:12 Feudal Age
14:23 Double-Bit Axe
21:30 Castle Age
21:46 Wheelbarrow
21:37 Gold Mining
27:06 Fletching
27:23 Scale Barding Armor
30:07 Forging
36:29 Town Watch
36:56 Scale Mail Armor
42:44 Imperial Age
40:59 Chain Barding Armor
41:15 Iron Casting
40:37 Bodkin Arrow
42:12 Chain Mail Armor
41:58 Light Cavalry
46:13 Plate Barding Armor
46:38 Blast Furnace
46:11 Husbandry
47:19 Padded Archer Armor
50:20 Chemistry
49:41 Ballistics
Connection lost

Rejoining the realm…

Still unreachable

The connection could not be restored.

Session expired

The server has moved on; the page needs a fresh start.